 Dungeon Crawl Stone Soup version 0.18.1-48-g4cf74bf (webtiles) character file.

102 torvon the Skirmisher (level 4, -1/40 HPs)
             Began as a Draconian Abyssal Knight on Aug 8, 2016.
             Was a Believer of Lugonu.
             Succumbed to a scorpion's poison
             ... on level 3 of the Dungeon.
             The game lasted 00:13:24 (2396 turns).

torvon the Skirmisher (Draconian Abyssal Knight)    Turns: 2396, Time: 00:13:24

Health: -1/40      AC:  5    Str: 15    XL:     4   Next: 50%
Magic:  6/6        EV:  9    Int: 18    God:    Lugonu [**....]
Gold:   112        SH: 11    Dex: 14    Spells: 0 memorised, 3 levels left

rFire  . . .     SeeInvis .     a - +1 mace
rCold  . . .     Gourm    .     (armour unavailable)
rNeg   . . .     Faith    .     x - +2 shield
rPois  .         Spirit   .     (helmet restricted)
rElec  .         Dismiss  .     (no cloak)
rCorr  .         Reflect  +     (no gloves)
SustAt .         Harm     .     (no boots)
MR     .....                    v - +2 amulet of reflection
Stlth  +.........               p - +3 ring of dexterity
                                m - +6 ring of intelligence

@: lethally poisoned (-1 -> -13), exhausted, slowed, very slow, not resistant to
hostile enchantments, very unstealthy
A: unfitting armour, cold-blooded, AC +5
a: Depart the Abyss, Bend Space, Renounce Religion


You were on level 3 of the Dungeon.
You worshipped Lugonu.
Lugonu was pleased with you.
You were hungry.

You visited 1 branch of the dungeon, and saw 3 of its levels.
You visited the Abyss 1 time.

You collected 112 gold pieces.

Inventory:

Hand Weapons
 a - a +1 mace (weapon)
 c - a +0 dagger
 o - a +0 dagger
Missiles
 g - 18 poisoned needles
Armour
 x - a +2 shield (worn)
Jewellery
 m - a +6 ring of intelligence (left hand)
 p - a +3 ring of dexterity (right hand)
 v - a +2 amulet of reflection (around neck)
Scrolls
 e - 2 scrolls of remove curse
 f - 2 scrolls of identify {unknown}
 j - a scroll of fear {unknown}
 k - a scroll of recharging {unknown}
 l - 2 scrolls of immolation {unknown}
 u - a scroll of noise {unknown}
 w - 2 scrolls of blinking {unknown}
 y - a scroll of random uselessness {unknown}
Potions
 d - a potion of magic {unknown}
 h - 2 potions of curing {unknown}
 n - a potion of haste {unknown}
Comestibles
 b - a bread ration
 i - 3 beef jerkies
 q - a fruit
 r - a slice of pizza


   Skills:
 + Level 4.2 Fighting
 * Level 3.0 Maces & Flails
 - Level 2.3 Dodging
 * Level 3.4 Invocations


You had 3 spell levels left.
You didn't know any spells.

Dungeon Overview and Level Annotations

Branches:
Dungeon (3/15)

Altars:
Ashenzari
Dithmenos
Gozag
Qazlal
The Shining One


Innate Abilities, Weirdness & Mutations

Your plain brown scales are hard (AC +5).
Your body does not fit into most forms of armour.
You are cold-blooded and may be slowed by cold attacks.


Message History

* * * LOW HITPOINT WARNING * * *
You feel sick.
* * * LOW HITPOINT WARNING * * *
You feel sick.
You feel your anger subside.
* * * LOW HITPOINT WARNING * * *
You feel sick.
You are no longer berserk.
You are exhausted.
You feel yourself slow down.
You are feeling hungry.
* * * LOW HITPOINT WARNING * * *
You feel sick. The scorpion barely misses you.
You hit the scorpion.
The scorpion is almost dead.
* * * LOW HITPOINT WARNING * * *
You feel sick. The scorpion barely misses you. x2
You hit the scorpion but do no damage.
The scorpion is almost dead.
You die...

#..._...####....
##.......## #....
#.........###....
#._..8.._........
#................
#...............>
#...._...#####...
##########.#....###
#...
........s@......#
#...
############.####
#...
#.###########..
#..............
#####......†..#
#.........#
#.........#
#.........#
#.........#


You could see a scorpion.

Vanquished Creatures
  A worker ant (D:3)
  2 adders (D:2)
  An ooze (D:1)
  A worm (D:2)
  2 dart slugs (D:1)
  2 giant geckos
  6 bats
  4 giant cockroaches
  4 goblins
  8 hobgoblins
  4 giant newts
  6 kobolds
  7 rats
48 creatures vanquished.

Notes
Turn   | Place    | Note
--------------------------------------------------------------
     0 | Abyss:1  | torvon the Draconian Abyssal Knight began the quest for the Orb.
     0 | Abyss:1  | Reached XP level 1. HP: 19/19 MP: 2/2
    30 | D:1      | Escaped the Abyss
   147 | D:1      | Reached XP level 2. HP: 22/26 MP: 3/3
   152 | D:1      | Reached * piety under Lugonu
   397 | D:1      | Reached XP level 3. HP: 32/33 MP: 5/5
  1472 | D:2      | Found a shattered altar of Ashenzari.
  1577 | D:2      | Reached skill level 4 in Fighting
  1707 | D:3      | Found a glowing golden altar of the Shining One.
  1707 | D:3      | Found an opulent altar of Gozag.
  1707 | D:3      | Found a stormy altar of Qazlal.
  1708 | D:3      | Found a shadowy altar of Dithmenos.
  1711 | D:3      | Reached XP level 4. HP: 40/40 MP: 6/6
  1819 | D:3      | Reached ** piety under Lugonu
  2395 | D:3      | HP: 2/40 [poisoned by a scorpion]
  2396 | D:3      | Succumbed to a scorpion's poison

Skill      XL: |  1  2  3  4 |
---------------+-------------+-----
Invocations    | 3 |  3.4
Fighting       | 4 |  4.2
Maces & Flails | 3 |  3.0
Dodging        | |  2.3

Action                   |  1- 3 |  4- 6 || total
-------------------------+-------+-------++-------
Melee: Mace              |    94 |    50 ||   144
       Tailslap          |     7 |     6 ||    13
Invok: Depart the Abyss  |     1 |       ||     1
       Bend Space        |       |     1 ||     1
  Use: Scroll            |     1 |       ||     1
       Potion            |       |     2 ||     2
  Eat: Bread ration      |     1 |       ||     1
       Fruit             |       |     1 ||     1
Armor: Skin              |    24 |     8 ||    32
Dodge: Dodged            |    77 |    29 ||   106
Block: Shield            |       |    24 ||    24
       Reflection        |       |     1 ||     1
